 Dungeon Crawl Stone Soup version 0.31-a0-1178-gc5c9b8f871 (webtiles) character file.

Game seed: 2145321751541789524

125 qw the Shooter (level 5, -1/32 HPs)
             Began as a Gargoyle Hunter on Dec 11, 2023.
             Slain by Terence
             ... wielding the +7 Throatcutter {drain, coup de grace}
              (9 damage)
             ... on level 3 of the Dungeon.
             The game lasted 00:00:48 (1557 turns).

qw the Shooter (Gargoyle Hunter)                    Turns: 1557, Time: 00:00:48

Health: -1/32      AC: 15    Str: 14    XL:     5   Next: 9%
Magic:  5/5        EV: 11    Int: 10    God:
Gold:   124        SH:  0    Dex: 15    Spells: 4/4 levels left

rFire   . . .        a - +0 shortbow
rCold   . . .        (shield currently unavailable)
rNeg    + . .        j - +0 ring mail
rPois   inf          (no helmet)
rElec   +            d - +2 cloak
rCorr   .            c - +0 pair of gloves
SInv    .            b - +1 pair of boots
Will    .....        (no amulet)
Stlth   +            (no ring)
HPRegen 0.25/turn    (no ring)
MPRegen 0.09/turn

%: no passive effects
@: no status effects
A: sickness immunity, AC +4, negative energy resistance 1, electricity
resistance, torment resistance 1, petrification resistance
a: no special abilities


You were on level 3 of the Dungeon.
You visited 1 branch of the dungeon, and saw 3 of its levels.

You collected 124 gold pieces.


Innate Abilities, Weirdness & Mutations

You are immune to sickness and miasma.
Your stone body is resilient. (AC +4)
You are immune to poison.
You resist negative energy. (rN+)
You are resistant to electric shocks. (rElec)
You are resistant to unholy torment.
You are immune to petrification.


   Skills:
 - Level 3.1 Fighting
 + Level 5.6 Ranged Weapons
 - Level 1.3 Armour
 - Level 1.5 Dodging
 - Level 1.1 Stealth


You had 4 spell levels left.
You didn't know any spells.
Your spell library was empty.

Inventory:

Hand Weapons
 a - a +0 shortbow (weapon)
Armour
 b - a +1 pair of boots (worn)
 c - a +0 pair of gloves (worn)
 d - a +2 cloak (worn)
 j - a +0 ring mail (worn)
Wands
 f - a wand of charming (8)
Scrolls
 g - a scroll of identify
Potions
 e - a potion of berserk rage {unknown}
 h - a potion of haste
 i - a potion of curing {unknown}

Dungeon Overview and Level Annotations

Branches:
Dungeon (3/15)

Altars:
Gozag
Zin

Annotations:
D:3 Terence


Message History

You shoot an arrow.
The arrow hits Terence but does no damage.
Terence is moderately wounded.
Terence closely misses you.
You shoot an arrow.
The arrow hits Terence but does no damage.
Terence is moderately wounded.
Terence hits you but does no damage.
You shoot an arrow. The arrow hits Terence.
Terence is moderately wounded.
Terence barely misses you. x2
You shoot an arrow. The arrow closely misses Terence.
The arrow hits the orc!
You kill the orc!
Terence barely misses you.
You shoot an arrow. The arrow hits Terence.
Terence is moderately wounded.
Terence hits you with the +7 Throatcutter {drain, coup de grace}.
You shoot an arrow. The arrow hits Terence.
Terence is heavily wounded.
Terence closely misses you.
You shoot an arrow. The arrow closely misses Terence.
Terence closely misses you.
Terence says, "Time to say good-bye..."
Terence misses you.
You shoot an arrow. The arrow hits Terence.
Terence is severely wounded.
Terence hits you with the +7 Throatcutter {drain, coup de grace}.
You shoot an arrow. The arrow barely misses Terence.
Terence closely misses you.
You shoot an arrow. The arrow barely misses Terence.
Terence hits you with the +7 Throatcutter {drain, coup de grace}.
You shoot an arrow.
The arrow hits Terence but does no damage.
Terence is severely wounded.
Terence hits you but does no damage.
You shoot an arrow. The arrow closely misses Terence.
Terence hits you with the +7 Throatcutter {drain, coup de grace}.
Terence hits you with the +7 Throatcutter {drain, coup de grace}!
You die...
Terence says, "Time to find some more victims."

### .). #)# ####### ###
### #@#....... ..#
..###@.# #.# #.#.####
#.# ## #.#...### #.# #.
#.......#### #.####.
##^#####....###.#....
### #..# #..#..).......
)...##..# #..).......#..
#..<..# ##...##777777..
####..####..7.77~7~~~~77


You could see Terence.

Vanquished Creatures
  Jessica (D:3)
  4 adders
  2 worms
  A dart slug (D:1)
  4 orcs (D:3)
  6 ball pythons
  3 endoplasms (D:1)
  A giant cockroach (D:1)
  6 goblins
  3 hobgoblins
  3 kobolds
  A quokka (D:1)
  6 bats
  4 frilled lizards
  9 rats (D:1)
54 creatures vanquished.

Notes
Turn   | Place    | Note
-------+----------+-------------------------------------------
     0 | D:1      | qw the Gargoyle Hunter began the quest for the Orb.
     0 | D:1      | Reached XP level 1. HP: 12/12 MP: 1/1
     0 | D:1      | 0 ||| qw: Version: 0.3-a-106-g2cfff9e
     0 | D:1      | 0 ||| qw: Game counter: 1959
     0 | D:1      | 0 ||| qw: Melee chars always use a shield: true
     0 | D:1      | 0 ||| qw: God list: Okawaru
     0 | D:1      | 0 ||| qw: Allow faded altars: false
     0 | D:1      | 0 ||| qw: Do Orc after clearing Dungeon:15 true
     0 | D:1      | 0 ||| qw: Do second Lair branch before Depths: true
     0 | D:1      | 0 ||| qw: Lair rune preference: random
     0 | D:1      | 0 ||| qw: Goals: Normal, Save, Zot:1-4, Win
     0 | D:1      | 0 ||| PLANNING D:1-11
    98 | D:1      | Reached XP level 2. HP: 17/17 MP: 2/2
   354 | D:1      | Reached XP level 3. HP: 20/21 MP: 3/3
   487 | D:1      | Reached skill level 5 in Ranged Weapons
   560 | D:1      | Found a faded altar of an unknown god.
   680 | D:1      | 680 ||| UPGRADING to +2 cloak.
   685 | D:1      | 685 ||| UPGRADING to +0 ring mail.
   695 | D:1      | 695 ||| DROPPING +0 leather armour.
   696 | D:1      | 696 ||| READING 3 scrolls labelled GESOPA ANN.
   696 | D:1      | 696 ||| IDENTIFYING ruby potion
   697 | D:1      | 697 ||| READING 2 scrolls of identify.
   697 | D:1      | 697 ||| IDENTIFYING purple potion
   698 | D:1      | 698 ||| READING scroll of identify.
   698 | D:1      | 698 ||| IDENTIFYING black potion
   699 | D:1      | 699 ||| DROPPING scroll of butterflies.
   700 | D:1      | 700 ||| DROPPING potion of attraction.
   701 | D:1      | 701 ||| DROPPING potion of magic.
   781 | D:2      | Reached skill level 1 in Armour
   901 | D:2      | Reached XP level 4. HP: 23/27 MP: 4/4
   996 | D:2      | Reached skill level 3 in Fighting
  1187 | D:2      | 1187 ||| UPGRADING to +0 pair of gloves.
  1192 | D:2      | 1192 ||| READING scroll labelled LUAT QAGIEDAUH.
  1344 | D:3      | Found a glowing silver altar of Zin.
  1344 | D:3      | Found an opulent altar of Gozag.
  1344 | D:3      | Noticed Jessica
  1349 | D:3      | Killed Jessica
  1486 | D:3      | Reached XP level 5. HP: 32/32 MP: 5/5
  1495 | D:3      | 1495 ||| UPGRADING to +1 pair of boots.
  1535 | D:3      | Noticed Terence
  1557 | D:3      | HP: 8/32 [Terence/the +7 Throatcutter {drain, coup de
                  | grace} (4)]
  1557 | D:3      | Slain by Terence

Levels and vault maps discovered:
D:1:      zaba_arrival_water, layout_basic,
          shapermc_ecumenical_altar_mp_urbaneastern, minmay_misc_feat_encased
D:2:      layout_rooms, chequers_serial_rivers_small_b
D:3:      layout_loops_ring, grunt_temple_overflow_gold_and_silver,
          chequers_serial_rivers_marsh, kennysheep_nondescript,
          serial_bayou_lake_a, uniq_jessica, uniq_crazy_yiuf_cottage,
          uniq_terence, uniq_grinder

Skill      XL: |  1  2  3  4 |
---------------+-------------+-----
Ranged Weapons | 5 |  5.6
Armour         | 1 |  1.3
Fighting       | 3 |  3.1
Dodging        | |  1.5
Stealth        | |  1.1

Action                     |  1- 3 |  4- 6 || total
---------------------------+-------+-------++-------
   Fire: Shortbow          |   126 |    66 ||   192
    Use: Scroll            |     3 |     1 ||     4
 Armour: Leather armour    |    26 |       ||    26
         Ring mail         |    12 |    22 ||    34
  Dodge: Dodged            |    22 |    22 ||    44

Table legend:
 A = Non-vault XP
 B = Vault XP
 C = Vault XP percentage of total XP
 D = Non-vault monster count
 E = Vault monster count
 F = Vault count percentage of total count
                 A         B        C        D         E       F
            +---------+---------+-------+---------+---------+-------
      Total |     142 |      37 |  20.7 |      53 |       1 |   1.9
            +---------+---------+-------+---------+---------+-------
        D:1 |      45 |       0 |   0.0 |      29 |       0 |   0.0
        D:2 |      60 |       0 |   0.0 |      14 |       0 |   0.0
        D:3 |      37 |      37 |  50.0 |      10 |       1 |   9.1
            +---------+---------+-------+---------+---------+-------
